 Dungeon Crawl Stone Soup version 0.20.1-1-g8b1a95d (webtiles) character file.

210 Knicklaso the Skirmisher (level 5, -2/42 HPs)
             Began as a Demonspawn Chaos Knight on July 23, 2017.
             Slain by Sigmund
             ... wielding a +4 scythe of freezing
              (12 damage)
             ... on level 4 of the Dungeon.
             The game lasted 00:06:44 (2594 turns).

Knicklaso the Skirmisher (Demonspawn Chaos Knight)  Turns: 2594, Time: 00:06:44

Health: -2/42      AC:  6    Str: 14    XL:     5   Next: 57%
Magic:  5/5        EV: 12    Int: 13    God:    Xom [.*....]
Gold:   200        SH:  0    Dex: 12    Spells: 4/4 levels left

rFire    + . .     SeeInvis .   z - +4 battleaxe "Batohis" {freeze, +Rage rPois MR+ Stlth-}
rCold    . . .     Gourm    .   (shield currently unavailable)
rNeg     . . .     Faith    .   b - +2 leather armour
rPois    +         Spirit   .   (no helmet)
rElec    .         Reflect  .   (no cloak)
rCorr    .         Harm     .   o - +0 pair of gloves (curse)
MR       +....                  (no boots)
Stlth    ..........             (no amulet)
Regen    0.2/turn               (no ring)
MPRegen  0.1/turn               (no ring)

@: very slightly contaminated, invisible
A: talons 1, demonic guardian 1, fire resistance 1, wild magic 1, sturdy frame 1
a: Renounce Religion, Evoke Berserk Rage


You were on level 4 of the Dungeon.
You worshipped Xom.
You were a plaything of Xom.
You were hungry.

You visited 1 branch of the dungeon, and saw 4 of its levels.

You collected 200 gold pieces.

Inventory:

Hand Weapons
 a - a +0 hand axe of chaos
 z - the +4 battleaxe "Batohis" (weapon) {freeze, +Rage rPois MR+ Stlth-}
   (You found it on level 4 of the Dungeon)

   It has been specially enchanted to freeze those struck by it, causing extra
   injury to most foes and up to half again as much damage against particularly
   susceptible opponents.
   It can also slow down cold-blooded creatures.
   It protects you from poison.
   It affects your resistance to hostile enchantments.
   It lets you go berserk.
   It makes you less stealthy.
Missiles
 k - 13 javelins (quivered)
Armour
 b - a +2 leather armour (worn)
 o - a cursed +0 pair of gloves (worn)
Jewellery
 r - a +4 amulet of reflection {unknown}
 s - a +3 amulet of reflection {unknown}
Wands
 t - a wand of iceblast (4/15)
 w - a wand of acid (9/15)
Scrolls
 e - 2 scrolls of fear {unknown}
 f - a scroll of magic mapping {unknown}
 g - a scroll of remove curse {unknown}
 h - 4 scrolls of identify {unknown}
 i - 4 scrolls of enchant armour {unknown}
 j - a scroll of teleportation {unknown}
 l - 2 scrolls of enchant weapon {unknown}
Potions
 d - a potion of invisibility
 n - a potion of heal wounds
 q - a potion of flight {unknown}
 v - a potion of magic {unknown}
Books
 y - a book of Changes

   Spells                             Type                      Level
   a - Beastly Appendage              Transmutation                1
   b - Sticks to Snakes               Transmutation                2
   c - Spider Form                    Transmutation/Poison         3
   d - Ice Form                       Ice/Transmutation            4
   e - Blade Hands                    Transmutation                5
Comestibles
 c - 4 bread rations
 m - 2 fruits
 u - a meat ration
 x - a chunk of flesh


   Skills:
 + Level 4.0 Fighting
 * Level 3.6 Axes
 + Level 3.0 Armour
 + Level 2.5 Dodging


You had 4 spell levels left.
You didn't know any spells.

Dungeon Overview and Level Annotations

Branches:
Dungeon (4/15)
 Temple: D:4-7

Altars:
Cheibriados
Dithmenos
Fedhas
Hepliaklqana
Ru
The Shining One

Annotations:
D:4 Sigmund


Innate Abilities, Weirdness & Mutations

A weak demonic guardian rushes to your aid.
Your movements are slightly less encumbered by armour. (ER -2)
You have sharp toenails.
Your flesh is heat resistant. (rF+)
Your spells are a little harder to cast, but a little more powerful.


Message History

It was a potion of heal wounds.
You feel much better.
You hear some strange, mumbled words.
A puff of flame appears from out of thin air!
The puff of flame hits you! You resist.
You closely miss something.
You hear some strange, mumbled words.
You are confused.
You bump into the rock wall.
Something hits you! Something freezes you. Something hits you.
Something freezes you.
There is an open door, spattered with blood here.
You see here a scorpion corpse.
Something hits you.
* * * LOW HITPOINT WARNING * * *
Something freezes you.
* * * LOW HITPOINT WARNING * * *
There is an open door, spattered with blood here.
You bump into the rock wall.
You feel less confused. Something hits you!
You die...

#.# #.# #.#
#.####### .
###.#.....# ######
..
#.#'#.....###....#
...
#.............#>##
....
#.........#####.#
..... #.........+
##@##......
#.........##
#.†..(..#
#..........#
#.........#
#.........†#
#.........#
#........#.#
#..........
#....###.#[#
#.........#
......#...#.#
#.........#
......#....<#
#.........#
......#####.#
#.........#


There were no monsters in sight!

Vanquished Creatures
  A scorpion (D:4)
  3 worker ants
  2 adders
  6 dart slugs
  7 orcs (D:3)
  A ball python (D:3)
  5 giant cockroaches
  5 hobgoblins
  5 kobolds
  A quokka (D:3)
  4 bats
  5 frilled lizards
  6 goblins
  7 rats
  A plant (D:2)
59 creatures vanquished.

Notes
Turn   | Place    | Note
-------+----------+-------------------------------------------
     0 | D:1      | Knicklaso the Demonspawn Chaos Knight began the quest for the Orb.
     0 | D:1      | Reached XP level 1. HP: 18/18 MP: 1/1
   156 | D:1      | XOM: mild Pois miscast
   267 | D:1      | Reached skill level 1 in Dodging
   267 | D:1      | Gained mutation: Your movements are slightly less encumbered by armour. (ER -2) [demonic ancestry]
   267 | D:1      | Reached XP level 2. HP: 24/24 MP: 2/2
   460 | D:1      | XOM: harmless Chrm miscast
   642 | D:1      | XOM: cloud trail
   803 | D:2      | XOM: divination: detect creatures
   808 | D:2      | Gained mutation: A weak demonic guardian rushes to your aid. [demonic ancestry]
   808 | D:2      | Reached XP level 3. HP: 26/29 MP: 3/3
   808 | D:2      | XOM: god gift: coppery potion {god gift}
  1183 | D:2      | XOM: cloud trail
  1349 | D:2      | XOM: polymorph worm -> worker ant
  1362 | D:2      | Reached XP level 4. HP: 26/35 MP: 4/4
  1587 | D:3      | XOM: give mutations
  1587 | D:3      | Gained mutation: Your flesh is heat resistant. (rF+) [Xom's grace]
  1587 | D:3      | Gained mutation: You have sharp toenails. [Xom's grace]
  1587 | D:3      | Gained mutation: Your spells are a little harder to cast, but a little more powerful. [Xom's grace]
  1736 | D:3      | XOM: cloud trail
  1899 | D:3      | Found a snail-covered altar of Cheibriados.
  1899 | D:3      | Found a blossoming altar of Fedhas.
  1899 | D:3      | Found a glowing golden altar of the Shining One.
  1899 | D:3      | Found a shadowy altar of Dithmenos.
  1907 | D:3      | Found a hazy altar of Hepliaklqana.
  1909 | D:3      | Found a sacrificial altar of Ru.
  2210 | D:3      | XOM: smoke on damage
  2300 | D:3      | XOM: confuse monster(s)
  2397 | D:3      | XOM: smoke on damage
  2425 | D:3      | XOM: harmless Tloc miscast
  2431 | D:4      | Got a slimy battleaxe
  2438 | D:4      | Reached XP level 5. HP: 31/42 MP: 5/5
  2461 | D:4      | Identified the +4 battleaxe "Batohis" {freeze, +Rage rPois MR+ Stlth-} (You found it on level 4 of the Dungeon)
  2571 | D:4      | Reached skill level 4 in Fighting
  2572 | D:4      | Noticed Sigmund
  2594 | D:4      | Slain by Sigmund

Skill      XL: |  1  2  3  4  5 |
---------------+----------------+-----
Armour         | 2 3 |  3.0
Dodging        | 1 2 |  2.5
Axes           | 3 |  3.6
Fighting       | 4 |  4.0

Action                   |  1- 3 |  4- 6 || total
-------------------------+-------+-------++-------
Melee: Hand axe          |    94 |    64 ||   158
       Kick              |       |    12 ||    12
       Battleaxe         |       |     9 ||     9
  Use: Potion            |       |     2 ||     2
 Stab: Petrified         |     3 |       ||     3
       Paralysed         |       |     1 ||     1
  Eat: Chunk             |     1 |     4 ||     5
Armor: Leather armour    |    29 |    18 ||    47
Dodge: Dodged            |    31 |    32 ||    63
Block: Buckler           |     3 |    11 ||    14
